 Dungeon Crawl Stone Soup version 0.31-a0-214-gb37851dbb3 (webtiles) character file.

Game seed: 1589917243329864498

844 qw the Shooter (level 8, -3/48 HPs)
             Began as a Gargoyle Hexslinger on July 1, 2023.
             Slain by a scorpion (5 damage)
             ... on level 5 of the Dungeon.
             The game lasted 00:02:02 (4076 turns).

qw the Shooter (Gargoyle Hexslinger)                Turns: 4076, Time: 00:02:02

Health: -3/48      AC: 11    Str: 12    XL:     8   Next: 0%
Magic:  9/9        EV: 10    Int: 14    God:
Gold:   227        SH:  0    Dex: 14    Spells: 8/9 levels left

rFire   . . .        Y - +1 sling (freeze)
rCold   . . .        (no shield)
rNeg    + . .        g - +0 ring mail
rPois   inf          (no helmet)
rElec   +            (no cloak)
rCorr   .            (no gloves)
SInv    .            (no boots)
Will    .....        (no amulet)
Stlth   +            (no ring)
HPRegen 0.28/turn    (no ring)
MPRegen 0.11/turn

%: no passive effects
@: no status effects
A: sickness immunity, AC +5, negative energy resistance 1, electricity
resistance, torment resistance 1, petrification resistance
a: no special abilities


You were on level 5 of the Dungeon.
You visited 1 branch of the dungeon, and saw 5 of its levels.

You collected 227 gold pieces.


Innate Abilities, Weirdness & Mutations

You are immune to sickness and miasma.
Your stone body is resilient. (AC +5)
You are immune to poison.
You resist negative energy. (rN+)
You are resistant to electric shocks. (rElec)
You are resistant to unholy torment.
You are immune to petrification.


   Skills:
 - Level 4.2 Fighting
 + Level 7.8 Ranged Weapons
 - Level 2.0 Armour
 - Level 1.5 Dodging
 - Level 1.0 Spellcasting
 - Level 2.6 Hexes


You had 8 spell levels left.
You knew the following spells:

 Your Spells              Type           Power      Damage    Failure   Level
a - Slow                  Hex            32%        N/A       19%         1

Your spell library contained the following spells:

 Spells                   Type           Power      Damage    Failure   Level
 Inner Flame              Hex/Fire       4%         N/A       69%         3
 Portal Projectile        Hex/Tloc       8%         N/A       69%         3
 Cause Fear               Hex            4%         N/A       88%         4

Inventory:

Hand Weapons
 Y - a +1 sling of freezing (weapon)
Armour
 g - a +0 ring mail (worn)
Scrolls
 a - a scroll of identify
 i - a scroll of enchant armour
 m - a scroll of enchant weapon {unknown}
Potions
 b - a potion of haste {unknown}
 c - a potion of resistance {unknown}
 e - 3 potions of curing
 f - a potion of ambrosia {unknown}
 h - a potion of heal wounds {unknown}
 j - a potion of enlightenment {unknown}
 k - 2 potions of might {unknown}
 l - a potion of lignification {unknown}

Dungeon Overview and Level Annotations

Branches:
Dungeon (5/15)
 Temple: D:4-7

Altars:
Uskayaw

Portals:
Abyss: D:3

Annotations:
D:3 2 transporters, qw's ghost, amateur MiHs


Message History

You shoot a sling bullet. The sling bullet hits the iguana.
The sling bullet freezes the iguana.
The iguana is almost dead.
The iguana closely misses you.
You shoot a sling bullet.
The sling bullet closely misses the iguana.
The sling bullet hits the gnoll.
The sling bullet freezes the gnoll.
The gnoll is heavily wounded.
The iguana bites you but does no damage.
You shoot a sling bullet.
The sling bullet completely misses the iguana.
The sling bullet barely misses the gnoll.
The iguana closely misses you.
You shoot a sling bullet.
The sling bullet hits the iguana but does no damage.
The iguana is almost dead.
The iguana barely misses you. The iguana bites you!
You shoot a sling bullet.
The sling bullet hits the iguana but does no damage.
The iguana is almost dead.
The iguana bites you!
You shoot a sling bullet.
The sling bullet barely misses the iguana.
The sling bullet hits the gnoll.
The sling bullet freezes the gnoll.
You kill the gnoll!
The iguana bites you.
You shoot a sling bullet. The sling bullet hits the iguana.
The iguana seems to slow down.
The sling bullet freezes the iguana.
You kill the iguana!
The scorpion stings you.
You have reached level 8!
You feel stronger.
You shoot a sling bullet. The sling bullet hits the scorpion.
The sling bullet freezes the scorpion.
The scorpion is moderately wounded.
The scorpion stings you but does no damage.
You shoot a sling bullet. The sling bullet hits the scorpion.
The sling bullet freezes the scorpion.
The scorpion is heavily wounded.
The scorpion stings you.
You die...

.#
#.#####
##
....... .
.......
#.###.
.......
#....)###
.......
#>.gs.#
#%......
#@#


'g...... #.# #....... #.# ###.... #.# ### ### #.# ..##. ..# ...... ### #.#### .#
You could see a scorpion and a gnoll.

Vanquished Creatures
  A phantom (D:4)
  4 scorpions
  A jelly (D:3)
  A hound (D:4)
  An orc priest (D:3)
  2 iguanas
  Ijyb (D:5)
  Natasha (thrice) (D:2)
  An orc wizard (D:4)
  2 gnolls (D:5)
  14 adders
  2 worms
  3 dart slugs
  11 orcs
  9 endoplasms
  9 giant cockroaches
  7 goblins
  4 hobgoblins
  9 jackals
  4 quokkas
  6 ball pythons
  12 bats
  A frilled lizard (D:2)
  11 kobolds
  5 rats
124 creatures vanquished.

Notes
Turn   | Place    | Note
-------+----------+-------------------------------------------
     0 | D:1      | qw the Gargoyle Hexslinger began the quest for the Orb.
     0 | D:1      | Reached XP level 1. HP: 12/12 MP: 2/2
     0 | D:1      | 0 ||| qw: Version: 0.3-a-32-g5962c71
     0 | D:1      | 0 ||| qw: Game counter: 7515
     0 | D:1      | 0 ||| qw: Melee chars always use a shield: true
     0 | D:1      | 0 ||| qw: God list: Okawaru
     0 | D:1      | 0 ||| qw: Allow faded altars: false
     0 | D:1      | 0 ||| qw: Do Orc after clearing Dungeon:15 true
     0 | D:1      | 0 ||| qw: Do second Lair branch before Depths: true
     0 | D:1      | 0 ||| qw: Lair rune preference: random
     0 | D:1      | 0 ||| qw: Goals: Normal
     0 | D:1      | 0 ||| PLANNING D:1-11
     1 | D:1      | Noticed an electric eel
   116 | D:1      | Reached XP level 2. HP: 16/16 MP: 3/3
   165 | D:1      | Reached skill level 3 in Ranged Weapons
   235 | D:1      | Reached XP level 3. HP: 19/21 MP: 4/4
   636 | D:1      | 636 ||| READING scroll labelled CUOQEI OBRE.
   637 | D:1      | 637 ||| READING scroll labelled QAOSHIJELL.
   638 | D:1      | 638 ||| READING scroll labelled MUN RABEISM.
   739 | D:1      | 739 ||| READING scroll labelled YWNOAN IDWOF.
   744 | D:1      | 744 ||| DROPPING scroll of poison.
   947 | D:2      | Reached XP level 4. HP: 26/26 MP: 5/5
  1119 | D:2      | Reached skill level 4 in Ranged Weapons
  1129 | D:2      | Found a hide-covered altar of Uskayaw.
  1324 | D:2      | Noticed Natasha
  1332 | D:2      | Killed Natasha
  1354 | D:2      | Noticed Natasha
  1365 | D:2      | Killed Natasha
  1366 | D:2      | Reached XP level 5. HP: 12/30 MP: 6/6
  1534 | D:2      | Reached skill level 5 in Ranged Weapons
  1837 | D:2      | Noticed Natasha
  1841 | D:2      | Killed Natasha
  1945 | D:2      | 1945 ||| READING 2 scrolls labelled JUJONO ROMM.
  1946 | D:2      | 1946 ||| READING scroll labelled DUULAH CATAHY.
  1947 | D:2      | 1947 ||| READING 2 scrolls labelled GOTICV BYABA.
  1948 | D:2      | 1948 ||| READING scroll labelled KUATWE OSOL.
  1949 | D:2      | 1949 ||| READING scroll labelled LUXIM HAFITEOB.
  1950 | D:2      | 1950 ||| DROPPING scroll of revelation.
  2022 | D:3      | Reached skill level 3 in Fighting
  2130 | D:3      | Found a transporter.
  2228 | D:3      | Reached XP level 6. HP: 37/37 MP: 7/7
  2494 | D:3      | Noticed qw's ghost (amateur MiHs)
  2499 | D:3      | Found a transporter.
  2506 | D:3      | Found a one-way gate to the infinite horrors of the Abyss.
  2662 | D:3      | 2662 ||| UPGRADING to +0 ring mail.
  2672 | D:3      | 2672 ||| DROPPING +0 robe.
  2673 | D:3      | 2673 ||| DRINKING 2 golden potions.
  2725 | D:4      | 2725 ||| STAIRDANCE
  2756 | D:4      | 2756 ||| STAIRDANCE
  2808 | D:4      | 2808 ||| STAIRDANCE
  2876 | D:4      | 2876 ||| STAIRDANCE
  2944 | D:4      | Reached skill level 6 in Ranged Weapons
  3015 | D:4      | 3015 ||| FLEEEEING.
  3016 | D:4      | 3016 ||| FLEEEEING.
  3017 | D:4      | 3017 ||| FLEEEEING.
  3018 | D:4      | 3018 ||| FLEEEEING.
  3019 | D:4      | 3019 ||| FLEEEEING.
  3020 | D:4      | 3020 ||| FLEEEEING.
  3021 | D:4      | 3021 ||| FLEEEEING.
  3022 | D:4      | 3022 ||| FLEEEEING.
  3023 | D:4      | 3023 ||| FLEEEEING.
  3024 | D:4      | 3024 ||| STAIRDANCE
  3074 | D:4      | 3074 ||| STAIRDANCE
  3081 | D:3      | Reached XP level 7. HP: 37/42 MP: 8/8
  3104 | D:4      | 3104 ||| STAIRDANCE
  3142 | D:4      | 3142 ||| STAIRDANCE
  3629 | D:4      | Reached skill level 7 in Ranged Weapons
  3787 | D:5      | Entered Level 5 of the Dungeon
  3793 | D:5      | 3793 ||| STAIRDANCE
  3901 | D:5      | Noticed Ijyb
  3906 | D:5      | HP: 5/43 [disintegration (7)]
  3907 | D:5      | 3907 ||| READING 2 scrolls of teleportation.
  3910 | D:5      | 3910 ||| READING scroll of teleportation.
  4057 | D:5      | Killed Ijyb
  4072 | D:5      | HP: 5/43 [iguana (10)]
  4074 | D:5      | HP: 1/43 [scorpion (3)]
  4075 | D:5      | Reached XP level 8. HP: 1/48 MP: 9/9
  4076 | D:5      | Slain by a scorpion

Levels and vault maps discovered:
D:1:      arrival_aquarium_a, layout_loops_ring
D:2:      minmay_recursive_quarters, layout_loops_corners, basic_altar,
          uniq_natasha
D:3:      layout_basic, gammafunk_ghost_abyssal_escape,
          nicolae_elevator_lobby_asterisk
D:4:      old_forge, layout_cave_pools
D:5:      layout_basic, small_statue_intersection, uniq_ijyb

Skill      XL: |  1  2  3  4  5  6  7 |
---------------+----------------------+-----
Ranged Weapons | 3 4 5 6 7 |  7.8
Fighting       | 2 3 4 |  4.2
Armour         | 2 |  2.0
Dodging        | |  1.5
Spellcasting   | |  1.0
Hexes          | |  2.6

Action                     |  1- 3 |  4- 6 |  7- 9 || total
---------------------------+-------+-------+-------++-------
   Fire: Sling             |    97 |   260 |   150 ||   507
    Use: Scroll            |     4 |     5 |     2 ||    11
         Potion            |       |     1 |       ||     1
 Armour: Robe              |    18 |    49 |       ||    67
         Ring mail         |       |    25 |    45 ||    70
  Dodge: Dodged            |    65 |   104 |    52 ||   221

Table legend:
 A = Non-vault XP
 B = Vault XP
 C = Vault XP percentage of total XP
 D = Non-vault monster count
 E = Vault monster count
 F = Vault count percentage of total count
                 A         B        C        D         E       F
            +---------+---------+-------+---------+---------+-------
      Total |     738 |     468 |  38.8 |     102 |      22 |  17.7
            +---------+---------+-------+---------+---------+-------
        D:1 |      40 |       0 |   0.0 |      23 |       0 |   0.0
        D:2 |     165 |      48 |  22.5 |      26 |       9 |  25.7
        D:3 |     195 |     163 |  45.5 |      27 |       2 |   6.9
        D:4 |     255 |     221 |  46.4 |      19 |      10 |  34.5
        D:5 |      83 |      36 |  30.3 |       7 |       1 |  12.5
            +---------+---------+-------+---------+---------+-------
